 Dungeon Crawl Stone Soup version 0.21-a0-630-g344d351 (webtiles) character file.

7 KristoblXynda the Charmwright (level 1, 0/10 HPs)
             Began as a Spriggan Skald on Dec 25, 2017.
             Slain by a jackal (2 damage)
             ... on level 1 of the Dungeon.
             The game lasted 00:00:39 (168 turns).

KristoblXynda the Charmwright (Spriggan Skald)       Turns: 168, Time: 00:00:40

Health: 0/10       AC:  2    Str:  7    XL:     1   Next: 91%
Magic:  0/5        EV: 19    Int: 14    God:
Gold:   19         SH:  0    Dex: 15    Spells: 4/5 levels left

rFire    . . .     SeeInvis +   a - +0 short sword
rCold    . . .     Gourm    .   (shield restricted)
rNeg     . . .     Faith    .   b - +0 robe
rPois    .         Spirit   .   (helmet restricted)
rElec    .         Reflect  .   (no cloak)
rCorr    .         Harm     .   (gloves unavailable)
MR       .....                  (boots unavailable)
Stlth    +.........             (no amulet)
HPRegen  0.03/turn              (no ring)
MPRegen  0.09/turn              (no ring)

@: infused, very quick
A: very small, unfitting armour, see invisible, herbivore, speed 3, slow
metabolism 2
a: no special abilities


You were on level 1 of the Dungeon.
You were not hungry.

You visited 1 branch of the dungeon, and saw 1 of its levels.

You collected 19 gold pieces.

Inventory:

Hand Weapons
 a - a +0 short sword (weapon)
Armour
 b - a +0 robe (worn)
Scrolls
 e - a scroll of remove curse {unknown}
 f - a scroll of random uselessness {unknown}
Books
 c - a book of Battle

   Spells                             Type                      Level
   a - Infusion                       Charms                       1
   b - Shroud of Golubria             Charms/Translocation         2
   c - Song of Slaying                Charms                       2
   d - Spectral Weapon                Hexes/Charms                 3
   e - Regeneration                   Charms/Necromancy            3
Comestibles
 d - a ration


   Skills:
 - Level 1.5 Fighting
 + Level 2.4 Short Blades
 + Level 3.8 Dodging
 - Level 2.6 Spellcasting
 + Level 4.7 Charms


You had 4 spell levels left.
You knew the following spells:

 Your Spells              Type           Power        Failure   Level  Hunger
a - Infusion              Chrm           ###.         3%          1    #......


Dungeon Overview and Level Annotations

Branches:
Dungeon (1/15)

Altars:


Innate Abilities, Weirdness & Mutations

You are very small and have problems with some larger weapons.
You are too small for most types of armour.
You have supernaturally acute eyesight. (SInv)
You are a herbivore.
You cover ground extremely quickly.
You need consume almost no food.


Message History

You hit the jackal.
The jackal is almost dead.
The jackal misses you.
You closely miss the jackal.
The jackal is almost dead.
The jackal bites you.
* * * LOW HITPOINT WARNING * * *
You hit the jackal.
You kill the jackal!
The jackal misses you.
You hit the jackal.
The jackal is lightly wounded.
The jackal misses you.
You hit the jackal.
The jackal is moderately wounded.
The jackal closely misses you.
You barely miss the jackal.
The jackal is moderately wounded.
The jackal bites you.
You die...

##.##...........# #...# ...
#.......##....(.###..##....
........##.......#..........
........########.#..........
........# #..........# #.......#
##.........##
.#...#..#######...#......#
##....#...##....##♣#.....# .
#.##.###.......@h#......## ..
##....###......###hl..[...####...
.#............## #.g.............
#.........#...####.............$.
........#.......##..##..........
#............##.##...#...[......
..#.....###..##.##.#............
#.........##.##.##.........#....
..#.......##.##.####......#♣ ...


You could see a leopard gecko, 2 jackals and a hobgoblin.

Vanquished Creatures
  A dart slug (D:1)
  A jackal (D:1)
  2 bats (D:1)
  A kobold (D:1)
  2 rats (D:1)
7 creatures vanquished.

Notes
Turn   | Place    | Note
-------+----------+-------------------------------------------
     0 | D:1      | KristoblXynda the Spriggan Skald began the quest for the Orb.
     0 | D:1      | Reached XP level 1. HP: 10/10 MP: 5/5
   168 | D:1      | Slain by a jackal

Vault maps used:
D:1:      minmay_arrival_diagonal_passages, kennysheep_decorative_pillar

Action                   || total
-------------------------++-------
Melee: Short sword       ||    29
 Cast: Infusion          ||     3
Armor: Robe              ||     2
Dodge: Dodged            ||    27

Table legend:
 A = Spawn XP
 B = Non-spawn XP
 C = Spawn XP percentage of total XP
 D = Spawn monster count
 E = Non-spawn monster count
 F = Spawn count percentage of total count
 G = Total turns spent on level
                    A         B        C        D         E        F      G
               +---------+---------+-------+---------+---------+-------+---------
         Total |       0 |      11 |   0.0 |       0 |       7 |   0.0 |   168
               +---------+---------+-------+---------+---------+-------+---------
           D:1 |       0 |      11 |   0.0 |       0 |       7 |   0.0 |   168
               +---------+---------+-------+---------+---------+-------+---------
